 Dungeon Crawl Stone Soup version 0.21-a0-229-g3587535 (webtiles) character file.

148 Musica the Firebug (level 5, 0/31 HPs)
             Began as an Octopode Fire Elementalist on Sept 1, 2017.
             Slain by Grinder (6 damage)
             ... on level 4 of the Dungeon.
             The game lasted 00:08:32 (2248 turns).

Musica the Firebug (Octopode Fire Elementalist)     Turns: 2248, Time: 00:08:32

Health: 0/31       AC:  3    Str:  8    XL:     5   Next: 30%
Magic:  1/9        EV: 19    Int: 18    God:
Gold:   178        SH:  0    Dex: 19    Spells: 5/9 levels left

rFire    . . .     SeeInvis .   p - +1 dagger
rCold    . . .     Gourm    .   (no shield)
rNeg     . . .     Faith    .   (helmet restricted)
rPois    .         Spirit   .   (no amulet)
rElec    .         Reflect  .   (no ring)
rCorr    .         Harm     .   (no ring)
MR       .....                  (no ring)
Stlth    ++++++....             (no ring)
HPRegen  0.10/turn              (no ring)
MPRegen  0.11/turn              (no ring)
                                (no ring)
                                (no ring)

@: agile, very slightly contaminated, hasted, very quick
A: almost no armour, stealthy swim, amphibious, 8 rings, constrict 8, thin
metallic scales 1, camouflage 2, agile 1, gelatinous body 1
a: no special abilities


You were on level 4 of the Dungeon.
You were not hungry.

You visited 1 branch of the dungeon, and saw 5 of its levels.

You collected 178 gold pieces.

Inventory:

Hand Weapons
 p - a +1 dagger (weapon)
Missiles
 e - 50 sling bullets
 g - 4 tomahawks (quivered)
 n - 15 arrows
 q - 6 curare-tipped needles
 r - 38 bolts
Jewellery
 c - an uncursed ring of flight
Scrolls
 h - a scroll of enchant armour {unknown}
 j - 2 scrolls of remove curse
 l - 2 scrolls of identify
 o - a scroll of magic mapping
Potions
 f - a potion of curing {unknown}
 s - 2 potions of agility
 v - a potion of heal wounds {unknown}
Books
 a - a book of Flames

   Spells                             Type                      Level
   a - Flame Tongue                   Conjuration/Fire             1
   b - Throw Flame                    Conjuration/Fire             2
   c - Conjure Flame                  Conjuration/Fire             3
   d - Inner Flame                    Hexes/Fire                   3
   e - Sticky Flame                   Conjuration/Fire             4
   f - Fireball                       Conjuration/Fire             5
Comestibles
 b - 3 bread rations
 d - 2 chunks of flesh
 i - 3 meat rations
 k - a fruit
 m - 2 royal jellies


   Skills:
 * Level 1.8 Short Blades
 - Level 2.0 Dodging
 + Level 2.9 Stealth
 + Level 2.9 Spellcasting
 * Level 2.1 Conjurations
 + Level 4.2 Fire Magic


You had 5 spell levels left.
You knew the following spells:

 Your Spells              Type           Power        Failure   Level  Hunger
a - Flame Tongue          Conj/Fire      ##...        4%          1    None
b - Conjure Flame         Conj/Fire      ##......     13%         3    ###....


Dungeon Overview and Level Annotations

Branches:
Dungeon (5/15)
 Temple: D:4-7

Altars:
Elyvilon
Nemelex Xobeh
The Shining One

Annotations:
D:4 Grinder


Innate Abilities, Weirdness & Mutations

You cannot wear most types of armour.
You are very stealthy in the water. (Stealth+)
You are amphibious.
You can wear up to eight rings at the same time.
You can use your tentacles to constrict eight enemies at once.
Your skin blends seamlessly with your surroundings (Stealth++).
Your rubbery body absorbs attacks. (AC +1, EV +1)
You are partially covered in thin metallic scales. (AC +2)
You are agile. (Dex +2)


Message History

Casting: Flame Tongue
Confirm with . or Enter, or press ? or * to list all spells.
Aiming: Flame Tongue
Press: ? - help, Shift-Dir - straight line, f/p - orc
Aim: an orc, wielding a hand axe (heavily wounded)
The flame tongue hits the orc.
You kill the orc!
Grinder blinks!
Casting: Flame Tongue
Confirm with . or Enter, or press ? or * to list all spells.
You don't have enough magic to cast that spell.
Unknown command.
Okay, then.
It was a potion of agility.
You feel agile all of a sudden. Grinder completely misses you.
It was a potion of haste.
You feel yourself speed up. Grinder hits you.
* * * LOW HITPOINT WARNING * * *
You writhe in agony.
You die...

########## #.........
#########.###.....
*#######.............####
*...........$....###.....
*.######)#######**##.####
*,* #o# ########...###
*,* #ยง###.............
*,* #@.........#...#.#
*,*****#5.##.####.#####.#
*,...$....##.# #.# #.#
*,######.###.# #<# #.#
*,*****#.#*#.####.#####.#
*,**,,,...,.........>....
*,,,,,....,..#.##.##.#[.#
*,**,*.#.#,.##,*#.##.#..#
*,**,#...,..**,*#.##.#..#


You could see Grinder and an orc.

Vanquished Creatures
  8 adders
  A gnoll (D:1)
  An adder skeleton (D:4)
  2 worms (D:3)
  2 leopard geckos
  7 orcs
  2 giant cockroaches (D:2)
  8 goblins
  5 hobgoblins
  4 kobolds
  A quokka (D:2)
  A ball python (D:2)
  3 bats
  A frilled lizard (D:1)
  4 rats
50 creatures vanquished.

Notes
Turn   | Place    | Note
-------+----------+-------------------------------------------
     0 | D:1      | Musica the Octopode Fire Elementalist began the quest for the Orb.
     0 | D:1      | Reached XP level 1. HP: 11/11 MP: 3/3
   123 | D:1      | Reached XP level 2. HP: 17/17 MP: 0/5
   468 | D:2      | Reached XP level 3. HP: 7/21 MP: 1/6
   822 | D:2      | Reached skill level 1 in Short Blades
   862 | D:2      | Reached skill level 4 in Fire Magic
  1028 | D:2      | Reached XP level 4. HP: 27/27 MP: 5/7
  1043 | D:2      | Learned a level 3 spell: Conjure Flame
  1519 | D:3      | Found a white marble altar of Elyvilon.
  1577 | D:3      | Reached XP level 5. HP: 31/31 MP: 6/9
  1893 | D:3      | Found a glowing golden altar of the Shining One.
  2049 | D:4      | Gained mutation: Your flesh is cold resistant. (rC+) [potion of mutation]
  2049 | D:4      | Gained mutation: You have an increased reservoir of magic. (+10% MP) [potion of mutation]
  2049 | D:4      | Gained mutation: One of your tentacles bears a spike. [potion of mutation]
  2049 | D:4      | Gained mutation: You passively map a small area around you. [potion of mutation]
  2050 | D:4      | Lost mutation: Your flesh is cold resistant. (rC+) [potion of mutation]
  2050 | D:4      | Lost mutation: You passively map a small area around you. [potion of mutation]
  2050 | D:4      | Lost mutation: One of your tentacles bears a spike. [potion of mutation]
  2050 | D:4      | Gained mutation: You have a pair of small antennae on your head. [potion of mutation]
  2050 | D:4      | Gained mutation: You are agile. (Dex +2) [potion of mutation]
  2051 | D:4      | Lost mutation: You are agile. (Dex +2) [potion of mutation]
  2051 | D:4      | Lost mutation: You have a pair of small antennae on your head. [potion of mutation]
  2051 | D:4      | Gained mutation: Your skin blends seamlessly with your surroundings (Stealth++). [potion of mutation]
  2051 | D:4      | Gained mutation: Your system is resistant to poisons. (rPois) [potion of mutation]
  2052 | D:4      | Lost mutation: You have an increased reservoir of magic. (+10% MP) [potion of mutation]
  2052 | D:4      | Lost mutation: Your system is resistant to poisons. (rPois) [potion of mutation]
  2052 | D:4      | Gained mutation: You are agile. (Dex +2) [potion of mutation]
  2052 | D:4      | Gained mutation: You are partially covered in thin metallic scales. (AC +2) [potion of mutation]
  2058 | D:5      | Entered Level 5 of the Dungeon
  2188 | D:4      | Found a sparkling altar of Nemelex Xobeh.
  2229 | D:4      | Noticed Grinder
  2248 | D:4      | Slain by Grinder

Vault maps used:
D:1:      saegor_arrival_simple_b, due_unseen_surprise
D:3:      tso_oasis_becter, elyvilon_altar_5, first_bread
D:4:      nemelex_xobeh_ov_fountains_minmay, uniq_grinder, uniq_natasha
D:5:      vehumet_statue

Skill      XL: |  1  2  3  4 |
---------------+-------------+-----
Short Blades   | 1 |  1.8
Fire Magic     | 4 |  4.2
Conjurations   | 2 |  2.1
Dodging        | |  2.0
Stealth        | |  2.9
Spellcasting   | |  2.9

Action                   |  1- 3 |  4- 6 || total
-------------------------+-------+-------++-------
Melee: Unarmed           |     3 |       ||     3
       Constrict         |     5 |     2 ||     7
       Tentacles         |     5 |     1 ||     6
       Dagger            |     6 |    22 ||    28
 Cast: Flame Tongue      |    28 |    38 ||    66
       Conjure Flame     |       |     2 ||     2
  Use: Scroll            |       |     6 ||     6
       Potion            |       |     6 ||     6
 Stab: Sleeping          |       |     6 ||     6
  Eat: Chunk             |     1 |     4 ||     5
Armor: Skin              |       |     4 ||     4
Dodge: Dodged            |    15 |    24 ||    39

Table legend:
 A = Spawn XP
 B = Non-spawn XP
 C = Spawn XP percentage of total XP
 D = Spawn monster count
 E = Non-spawn monster count
 F = Spawn count percentage of total count
 G = Total turns spent on level
                    A         B        C        D         E        F      G
               +---------+---------+-------+---------+---------+-------+---------
         Total |      32 |     180 |  15.1 |       5 |      45 |  10.0 |  2248
               +---------+---------+-------+---------+---------+-------+---------
           D:1 |       0 |      27 |   0.0 |       0 |       9 |   0.0 |   448
           D:2 |      30 |      58 |  34.1 |       4 |      12 |  25.0 |   759
           D:3 |       2 |      72 |   2.7 |       1 |      17 |   5.6 |   809
           D:4 |       0 |      23 |   0.0 |       0 |       7 |   0.0 |   228
               +---------+---------+-------+---------+---------+-------+---------
